 Dungeon Sprint DCSS version 0.23.1 (webtiles) character file.

Game seed: 13972827678252959570

557 nuthulu the Grappler (level 7, 0/78 HPs)
             Began as a Troll Monk on Mar 7, 2019.
             Was a Priest of Makhleb.
             Slain by a wandering mushroom (11 damage)
             ... in the Dungeon (Sprint IV: "Fedhas' Mad Dash").
             The game lasted 00:01:37 (365 turns).

nuthulu the Grappler (Troll Monk)                    Turns: 365, Time: 00:01:38

Health: 0/78       AC:  6    Str: 22    XL:     7   Next: 9%
Magic:  9/10       EV: 13    Int:  6    God:    Makhleb [***...]
Gold:   87         SH:  0    Dex: 12    Spells: 6/6 levels left

rFire    . . .     SeeInvis .     - Unarmed
rCold    . . .     Gourm    +   (no shield)
rNeg     . . .     Faith    .   a - +0 robe
rPois    .         Spirit   .   (helmet restricted)
rElec    .         Reflect  .   (no cloak)
rCorr    .         Harm     .   (gloves unavailable)
MR       .....     NoTele   +   (boots unavailable)
Stlth    ++........             j - amulet of invisibility {+Inv}
HPRegen  0.63/turn              (no ring)
MPRegen  0.12/turn              (no ring)

@: no status effects
A: large, unfitting armour, claws 3, fast metabolism 3, gourmand, regeneration
1, shaggy fur 1, tough skin 3
a: Minor Destruction, Lesser Servant of Makhleb, Renounce Religion, Evoke
Invisibility


You were in the Dungeon.
You worshipped Makhleb.
Makhleb was most pleased with you.
You were hungry.

You visited 1 branch You collected 87 gold pieces.

Inventory:

Armour
 a - a +0 robe (worn)
Jewellery
 j - the amulet of invisibility (around neck) {+Inv}
   (You found it in the Dungeon)

   [amulet of nothing]

   It lets you turn invisible.
Scrolls
 h - a scroll of blinking
 i - 2 scrolls of identify
Potions
 d - a potion of heal wounds
 e - a potion of haste
 f - 2 potions of magic
 g - a potion of berserk rage
 k - 2 potions of mutation
Comestibles
 b - 2 rations


   Skills:
 + Level 7.2 Fighting
 + Level 7.2 Dodging
 - Level 1.0 Stealth
 + Level 8.7 Unarmed Combat
 + Level 5.3 Invocations


You had 6 spell levels left.
You didn't know any spells.
Your spell library was empty.

Dungeon Overview and Level Annotations

Branches:
Dungeon (1/1)

Altars:
Cheibriados
Dithmenos
Elyvilon
Gozag
Hepliaklqana
Kikubaaqudgha
Makhleb
Nemelex Xobeh
Okawaru
Qazlal
Ru
Sif Muna
Trog
Uskayaw
Vehumet
Wu Jian
Xom
Yredelemnul
Zin
The Shining One
Beogh
Jiyva
Lugonu

Shops:
D ?:


Innate Abilities, Weirdness & Mutations

You are too large for most types of armour.
You have claws for hands.
Your metabolism is lightning-fast.
You like to eat raw meat.
Your natural rate of healing is unusually fast.
You are covered in fur. (AC +1)
You have extremely tough skin. (AC +3)


Message History

You're too confused!
Unknown command.
You feel better.
Press: ? - help, Shift-Dir - straight line, f - wandering mushroom
Aim: a wandering mushroom (moderately damaged)
The glob of acid hits the wandering mushroom!
The wandering mushroom is splashed with acid.
The acid corrodes the wandering mushroom!
The wandering mushroom is severely damaged.
The wandering mushroom is splashed with acid!
The acid corrodes the wandering mushroom!
Press: ? - help, Shift-Dir - straight line, f/p - wandering mushroom
Aim: a wandering mushroom (almost destroyed, covered in acid)
The wandering mushroom is unaffected.
Press: ? - help, Shift-Dir - straight line, f/p - wandering mushroom
Aim: a wandering mushroom (almost destroyed, covered in acid)
The puff of flame hits the wandering mushroom.
The wandering mushroom is almost destroyed.
The wandering mushroom releases spores at you!
You die...

####################
._._.⌠.#..)...#..f.#
_._._..'.)#...#.@..+
._._...#..###'##.[$#
_._._..#.(##∩∩.'...#
._._.⌠.#############
########


You could see a wandering mushroom.

Vanquished Creatures
  A burning bush (D)
  A wandering mushroom (D)
  2 scorpions (D)
  3 oklob saplings (D)
  A worker ant (D)
  2 spriggans (D)
  A river rat (D)
  A rat (D)
12 creatures vanquished.

Notes
Turn   | Place    | Note
-------+----------+-------------------------------------------
     0 | D        | nuthulu the Troll Monk began the quest for the Orb.
     0 | D        | Reached XP level 1. HP: 22/22 MP: 0/0
    15 | D        | Reached XP level 2. HP: 15/31 MP: 1/1
    50 | D        | Noticed an oklob sapling
    53 | D        | Killed an oklob sapling
    53 | D        | Reached skill level 4 in Unarmed Combat
    53 | D        | Reached XP level 3. HP: 39/39 MP: 2/2
    56 | D        | Found the amulet of invisibility {+Inv}
    57 | D        | Reached skill level 5 in Unarmed Combat
    78 | D        | Found an opulent altar of Gozag.
    78 | D        | Found a hazy altar of Hepliaklqana.
    78 | D        | Found a burning altar of Makhleb.
    78 | D        | Found a sparkling altar of Nemelex Xobeh.
    78 | D        | Found a sacrificial altar of Ru.
    78 | D        | Found a deep blue altar of Sif Muna.
    78 | D        | Found an ornate altar of the Wu Jian Council.
    78 | D        | Found a shimmering altar of Xom.
    78 | D        | Found a basalt altar of Yredelemnul.
    79 | D        | Found a viscous altar of Jiyva.
    79 | D        | Found a roughly hewn altar of Beogh.
    79 | D        | Found a snail-covered altar of Cheibriados.
    79 | D        | Found a bloodstained altar of Trog.
    79 | D        | Noticed an oklob sapling priest
    80 | D        | Found an iron altar of Okawaru.
    80 | D        | Found a shadowy altar of Dithmenos.
    80 | D        | Found a glowing silver altar of Zin.
    81 | D        | Found an ancient bone altar of Kikubaaqudgha.
    81 | D        | Found a hide-covered altar of Uskayaw.
    82 | D        | Found a stormy altar of Qazlal.
    82 | D        | Found a white marble altar of Elyvilon.
    82 | D        | Found a glowing golden altar of the Shining One.
    83 | D        | Found a corrupted altar of Lugonu.
    83 | D        | Found a radiant altar of Vehumet.
    87 | D        | Killed an oklob sapling priest
    87 | D        | Reached skill level 5 in Fighting
    87 | D        | Reached skill level 5 in Dodging
    87 | D        | Reached skill level 6 in Unarmed Combat
    87 | D        | Reached XP level 4. HP: 50/50 MP: 0/3
    90 | D        | Became a worshipper of Makhleb the Destroyer
    90 | D        | Reached * piety under Makhleb
    90 | D        | Reached ** piety under Makhleb
   104 | D        | Reached skill level 1 in Invocations
   104 | D        | Reached XP level 5. HP: 35/57 MP: 2/5
   150 | D        | Reached skill level 7 in Unarmed Combat
   152 | D        | Reached *** piety under Makhleb
   182 | D        | Found Nucram's Book Shop.
   183 | D        | Found Iklegan's Magic Scroll Emporium.
   190 | D        | Noticed a burning bush
   190 | D        | Noticed a wandering mushroom
   321 | D        | Noticed a wandering mushroom
   326 | D        | Reached XP level 6. HP: 67/67 MP: 7/7
   351 | D        | Killed a burning bush
   351 | D        | Reached skill level 8 in Unarmed Combat
   351 | D        | Reached skill level 5 in Invocations
   351 | D        | Reached XP level 7. HP: 52/78 MP: 8/10
   365 | D        | Slain by a wandering mushroom

Skill      XL: |  1  2  3  4  5  6 |
---------------+-------------------+-----
Fighting       | 3 5 6 7 |  7.2
Dodging        | 3 5 6 7 |  7.2
Unarmed Combat | 4 6 7 8 |  8.7
Invocations    | 1 3 5 |  5.3
Stealth        | |  1.0

Action                   |  1- 3 |  4- 6 |  7- 9 || total
-------------------------+-------+-------+-------++-------
Melee: Unarmed           |    13 |    26 |     2 ||    41
Invok: Minor Destruction |       |     2 |     3 ||     5
 Abil: Evoke Invisibilit |     1 |       |       ||     1
  Use: Scroll            |     1 |       |       ||     1
       Potion            |       |       |     1 ||     1
 Stab: Sleeping          |     2 |       |       ||     2
Armor: Robe              |       |     5 |       ||     5
Dodge: Dodged            |     3 |     8 |     1 ||    12
